 Dungeon Crawl Stone Soup version 0.29.1-1-gd02db6906a (webtiles) character file.

Game seed: 18069491302907411413

147 warriortoast the Conjurer (level 5, -6/28 HPs)
             Began as a Deep Elf Conjurer on Oct 5, 2022.
             Mangled by GigaChad's ghost (11 damage)
             ... on level 3 of the Dungeon.
             The game lasted 00:05:23 (3886 turns).

warriortoast the Conjurer (Deep Elf Conjurer)       Turns: 3886, Time: 00:05:25

Health: -6/28      AC:  3    Str:  4    XL:     5   Next: 7%
Magic:  3/15       EV: 12    Int: 25    God:
Gold:   69         SH:  0    Dex: 13    Spells: 14/15 levels left

rFire   . . .      SeeInvis +   (no weapon)
rCold   . . .      Faith    .   (no shield)
rNeg    . . .      Spirit   .   a - +0 robe
rPois   .          Reflect  .   (no helmet)
rElec   .          Harm     .   (no cloak)
rCorr   .          Rampage  .   h - +0 pair of gloves
Will    .....                   (no boots)
Stlth   ++........              (no amulet)
HPRegen 0.09/turn               e - ring of see invisible
MPRegen 0.14/turn               (no ring)

@: very slightly contaminated
A: no striking features
a: no special abilities


You were on level 3 of the Dungeon.
You visited 1 branch of the dungeon, and saw 3 of its levels.

You collected 69 gold pieces.

Inventory:

Missiles
 l - 3 poisoned darts
Armour
 a - a +0 robe (worn)
 h - a +0 pair of gloves (worn)
Jewellery
 e - a ring of see invisible (left hand)
Scrolls
 d - 9 scrolls of identify {unknown}
 g - 2 scrolls of fear {unknown}
 i - a scroll of magic mapping {unknown}
 k - 2 scrolls of teleportation {unknown}
 m - a scroll of enchant armour {unknown}
Potions
 b - 2 potions of magic
 c - a potion of cancellation {unknown}
 f - 2 potions of flight {unknown}
 j - 2 potions of ambrosia {unknown}
 n - a potion of attraction {unknown}
 o - 2 potions of curing {unknown}


   Skills:
 - Level 2.4 Dodging
 - Level 2.4 Stealth
 + Level 5.5 Spellcasting
 + Level 5.8 Conjurations


You had 14 spell levels left.
You knew the following spells:

 Your Spells              Type           Power      Damage    Failure   Level
a - Magic Dart            Conj           100%       1d8       1%          1

Your spell library contained the following spells:

 Spells                   Type           Power      Damage    Failure   Level
 Searing Ray              Conj           72%        2d7       1%          2
 Dazzling Flash           Conj/Hex       42%        N/A       7%          3
 Tukima's Dance           Hex            6%         N/A       24%         3
 Fulminant Prism          Conj/Hex       10%        3d9       24%         4
 Iskenderun's Mystic Bla  Conj/Tloc      21%        2d6       24%         4
 Animate Dead             Necr           6%         N/A       61%         4
 Passage of Golubria      Tloc           6%         N/A       61%         4
 Yara's Violent Unravell  Hex/Tmut       3%         3d4       91%         5
 Haunt                    Necr/Summ      3%         N/A       100%        7
 Infestation              Necr           3%         N/A       100%        8


Dungeon Overview and Level Annotations

Branches:
Dungeon (3/15)

Altars:

Shops:
D:1 (?

Annotations:
D:3 GigaChad's ghost, weakling MiFi


Message History

GigaChad's ghost hits you.
The magic dart hits GigaChad's ghost.
GigaChad's ghost is moderately damaged.
GigaChad's ghost misses you.
The magic dart hits GigaChad's ghost.
GigaChad's ghost is heavily damaged.
GigaChad's ghost misses you.
The magic dart hits GigaChad's ghost but does no damage.
GigaChad's ghost is heavily damaged.
GigaChad's ghost hits you!
You are too injured to fight recklessly!
You are too injured to fight recklessly!
You are too injured to fight recklessly!
Casting: Magic Dart (safe; 1% risk of failure)
Confirm with . or Enter, or press ? or * to list all spells.
Aiming: Magic Dart (safe; 1% risk of failure)
Press: ? - help, Shift-Dir - straight line, f/p - GigaChad's ghost
Aim: GigaChad's ghost (heavily damaged, 100% to hit)
The magic dart hits GigaChad's ghost but does no damage.
GigaChad's ghost is heavily damaged.
GigaChad's ghost hits you!
* * * LOW HITPOINT WARNING * * *
Unknown command.
Casting: Magic Dart (safe; 1% risk of failure)
Confirm with . or Enter, or press ? or * to list all spells.
Aiming: Magic Dart (safe; 1% risk of failure)
Press: ? - help, Shift-Dir - straight line, f/p - GigaChad's ghost
Aim: GigaChad's ghost (heavily damaged, 100% to hit)
You miscast Magic Dart.
You are very lightly contaminated with residual magic.
Nothing appears to happen.
GigaChad's ghost barely misses you.
Casting: Magic Dart (safe; 1% risk of failure)
Confirm with . or Enter, or press ? or * to list all spells.
Aiming: Magic Dart (safe; 1% risk of failure)
Press: ? - help, Shift-Dir - straight line, f/p - GigaChad's ghost
Aim: GigaChad's ghost (heavily damaged, 100% to hit)
The magic dart hits GigaChad's ghost.
GigaChad's ghost is heavily damaged.
GigaChad's ghost hits you!
You die...

#.# #.#......#...# #.# #.#
#.###################.###### #.#
#.#..#.#Z.#................. #.#
#.##..!$.##########...######
#.###.#.....=.# #.###.....
#.....##.....## #.###.###.
#####)#.......#########.##.#.##.
#.###'''###...........###...
###......##@#######.##.#.###
#......ZW...<.....###.## #
####.####.######..# #.# #
#.......# #..# #.# #.#.....#
#..###.# #.......# #......#
###.....######.#####
#............# ##############


You could see GigaChad's ghost and a bullfrog zombie.

Vanquished Creatures
  An orc priest (D:3)
  Robin (D:2)
  3 adders
  2 worms
  A dart slug (D:2)
  2 orcs (D:3)
  4 ball pythons
  5 bats
  7 endoplasms
  A giant cockroach (D:1)
  11 goblins
  10 hobgoblins
  4 kobolds
  5 quokkas
  3 frilled lizards
  5 rats
65 creatures vanquished.

Notes
Turn   | Place    | Note
-------+----------+-------------------------------------------
     0 | D:1      | warriortoast the Deep Elf Conjurer began the quest for the
                  | Orb.
     0 | D:1      | Reached XP level 1. HP: 10/10 MP: 6/6
     6 | D:1      | Found Roxazame's Weapon Boutique.
   126 | D:1      | Found a faded altar of an unknown god.
   278 | D:1      | Reached XP level 2. HP: 6/15 MP: 1/8
   526 | D:1      | You fall into a shaft and drop 1 floor!
   686 | D:2      | Reached XP level 3. HP: 19/19 MP: 8/10
   728 | D:2      | Reached skill level 5 in Conjurations
   923 | D:2      | Noticed Robin
   930 | D:2      | Killed Robin
  1251 | D:1      | Found Ahaxaupp's Magic Scroll Shop.
  1883 | D:2      | Reached XP level 4. HP: 24/24 MP: 9/12
  2498 | D:3      | Found a runed translucent gate.
  2499 | D:3      | Found a runed translucent gate.
  2500 | D:3      | Found a runed translucent gate.
  2501 | D:3      | Noticed GigaChad's ghost (weakling MiFi)
  2613 | D:3      | Reached skill level 5 in Spellcasting
  3047 | D:3      | Reached XP level 5. HP: 28/28 MP: 6/14
  3886 | D:3      | Mangled by GigaChad's ghost

Illustrated notes

Levels and vault maps discovered:
D:1:      mrwooster_arrival_statue_3, layout_loops_ring, serial_shops, shop,
          nicolae_shop_bloodbath_and_beyond,
          hellmonk_ecumenical_altar_leap_of_faith, minmay_hexomino_c4
D:2:      minmay_alternating_diamond, layout_loops_ring, uniq_robin
D:3:      layout_loops_ring, gammafunk_ghost_necromancy

Skill      XL: |  1  2  3  4 |
---------------+-------------+-----
Spellcasting   | 4 5 |  5.5
Conjurations   | 5 |  5.8
Dodging        | |  2.4
Stealth        | |  2.4

Action                   |  1- 3 |  4- 6 || total
-------------------------+-------+-------++-------
Melee: Unarmed           |    10 |       ||    10
 Cast: Magic Dart        |    85 |    70 ||   155
Armor: Robe              |     4 |     3 ||     7
Dodge: Dodged            |    20 |    11 ||    31
